 Dungeon Crawl Stone Soup version 0.26-a0-542-gbaa144ba5c (webtiles) character file.

Game seed: 1469751744137941218

10894 Gargoyl the Fighter (level 11, 0/89 HPs)
             Began as a Gnoll Abyssal Knight on Aug 15, 2020.
             Was a High Priest of Lugonu.
             Slain by a four-headed hydra (10 damage)
             ... on level 2 of the Lair of Beasts on Aug 17, 2020.
             The game lasted 00:17:23 (14197 turns).

Gargoyl the Fighter (Gnoll Abyssal Knight)         Turns: 14197, Time: 00:17:24

Health: 0/89       AC:  9    Str: 17    XL:     11   Next: 69%
Magic:  20/20      EV: 15    Int: 15    God:    Lugonu [*****.]
Gold:   1568       SH:  7    Dex: 15    Spells: 23/23 levels left

rFire    + . .     SeeInvis .   f - +7 flail (holy)
rCold    + . .     Faith    .   m - +1 buckler
rNeg     . . .     Spirit   .   r - +0 ring mail {rF+}
rPois    .         Reflect  .   (no helmet)
rElec    .         Harm     .   (no cloak)
rCorr    .                      e - +0 pair of gloves (curse)
MR       +....                  h - +0 pair of boots
Stlth    +++.......             H - amulet of regeneration
HPRegen  0.64/turn              t - ring of protection from magic
MPRegen  0.17/turn              u - ring of protection from cold

@: marked
A: distributed training, fangs 1, strong nose
a: Depart the Abyss, Bend Space, Banish, Corrupt, Enter the Abyss, Renounce
Religion


You were on level 2 of the Lair of Beasts.
You worshipped Lugonu.
Lugonu was extremely pleased with you.
You visited 2 branches of the dungeon, and saw 12 of its levels.
You visited the Abyss 1 time.

You collected 1792 gold pieces.
You spent 224 gold pieces at shops.

Inventory:

Hand Weapons
 f - a +7 flail of holy wrath (weapon)
 n - a +2 war axe of electrocution
 F - a +3 war axe
Missiles
 p - 17 boomerangs (quivered)
Armour
 e - a cursed +0 pair of gloves (worn)
 h - a +0 pair of boots (worn)
 m - a +1 buckler (worn)
 r - a +0 ring mail of fire resistance (worn)
Jewellery
 t - a ring of protection from magic (left hand)
 u - a ring of protection from cold (right hand)
 y - an uncursed ring of protection from cold
 H - an amulet of regeneration (around neck)
Wands
 w - a wand of iceblast (6)
 A - a wand of polymorph (18)
 D - a wand of enslavement (15)
Scrolls
 a - 5 scrolls of remove curse
 d - 6 scrolls of teleportation
 j - 3 scrolls of fog
 l - 2 scrolls of immolation
 q - 2 scrolls of magic mapping
 v - a scroll of enchant weapon
 z - 2 scrolls of holy word
 B - a scroll of enchant armour
Potions
 b - 3 potions of resistance
 c - 2 potions of degeneration {unknown}
 g - 2 potions of stabbing
 i - 5 potions of curing
 o - a potion of lignification
 s - a potion of flight
 x - a potion of berserk rage {unknown}
 C - a potion of mutation {unknown}
 E - 2 potions of magic {unknown}
 G - 2 potions of might


   Skills:
 + Level 9.3 Fighting
 + Level 6.5 Short Blades
 + Level 6.5 Long Blades
 + Level 8.1 Axes
 + Level 6.5 Maces & Flails
 + Level 6.5 Polearms
 + Level 6.5 Staves
 + Level 6.5 Slings
 + Level 6.5 Bows
 + Level 6.5 Crossbows
 + Level 6.5 Throwing
 + Level 8.1 Armour
 + Level 7.1 Dodging
 + Level 6.5 Stealth
 + Level 6.5 Shields
 + Level 6.5 Unarmed Combat
 + Level 6.5 Spellcasting
 + Level 5.4 Conjurations
 + Level 5.4 Hexes
 + Level 5.4 Summonings
 + Level 5.4 Necromancy
 + Level 5.4 Translocations
 + Level 5.4 Transmutations
 + Level 5.4 Fire Magic
 + Level 5.4 Ice Magic
 + Level 5.4 Air Magic
 + Level 5.4 Earth Magic
 + Level 5.4 Poison Magic
 + Level 8.6 Invocations
 + Level 6.5 Evocations


You had 23 spell levels left.
You didn't know any spells.
Your spell library contained the following spells:

 Spells                   Type           Power        Failure   Level
 Foxfire                  Conj/Fire      ###.         2%          1
 Confusing Touch          Hex            ###.....     8%          3
 Conjure Flame            Conj/Fire      ###.....     8%          3
 Gell's Gravitas          Tloc           ###.......   8%          3
 Inner Flame              Hex/Fire       ###.....     8%          3
 Petrify                  Tmut/Erth      ###.....     26%         4
 Sticky Flame             Conj/Fire      ###.....     26%         4
 Fireball                 Conj/Fire      ###.......   56%         5
 Metabolic Englaciation   Hex/Ice        ###.......   56%         5
 Yara's Violent Unravell  Hex/Tmut       ###.......   56%         5


Dungeon Overview and Level Annotations

Branches:
Dungeon (10/15)            Temple (0/1) D:6            Lair (2/6) D:9
  Swamp: Lair:2-4    Shoals: Lair:2-4     Snake: Lair:2-4    Spider: Lair:2-4
    Orc: D:9-12

Altars:
Cheibriados
Hepliaklqana
Ru
Vehumet
Yredelemnul
Zin

Shops:
D:6 (   D:7 ?   D:10 (

Annotations:
Lair:1 corrupted


Innate Abilities, Weirdness & Mutations

Your experience applies equally to all skills.
You have very sharp teeth.
Your uncanny sense of smell can sniff out nearby items.


Message History

The four-headed hydra bites you.
You thump the four-headed hydra!
The four-headed hydra is moderately wounded.
The four-headed hydra bites you! The four-headed hydra bites you.
The four-headed hydra bites you but does no damage. x2
The four-headed hydra closely misses you.
You block the four-headed hydra's attack.
The four-headed hydra bites you! x2
You bludgeon the four-headed hydra!!
The four-headed hydra is heavily wounded.
The four-headed hydra bites you! The four-headed hydra bites you.
* * * LOW HITPOINT WARNING * * *
The four-headed hydra bites you but does no damage. x2
You sock the four-headed hydra! You bite the four-headed hydra.
The four-headed hydra is severely wounded.
The four-headed hydra closely misses you.
The four-headed hydra bites you!
* * * LOW HITPOINT WARNING * * *
The four-headed hydra bites you!
You die...

#....# ......# ##.....
....... ∆ ... .......
....... ..... .......
....... ..... .......
.......####...## ##.....
.......#.##...P####....#
#...D................
#...@.............##
##...............#
##..............
#.#P......#.#
####.......# #P.....##
##.....# #.....## #
#......#


You could see a four-headed hydra.

Vanquished Creatures
  2 cane toads
  A gargoyle (D:10)
  A komodo dragon (Lair:1)
  A rime drake (Lair:1)
  4 trolls
  5 hippogriffs
  4 yaks
  A basilisk (Lair:1)
  Edmund (D:4)
  4 porcupines
  2 water moccasins
  4 orc warriors
  A sky beast (D:10)
  2 black bears (D:9)
  5 ice beasts
  A phantom (D:7)
  4 ogres
  6 wolves (Lair:1)
  A necrophage (D:10)
  3 centaurs
  3 crocodiles
  The ghost of Phong the Digger, an amateur OpEE (D:3)
  A big kobold (D:6)
  6 bullfrogs
  A wyvern zombie (D:10)
  A scorpion (D:9)
  19 killer bees
  An electric eel (Lair:1)
  14 wights
  A howler monkey (D:5)
  A bullfrog zombie (D:5)
  A centaur zombie (D:9)
  9 hounds
  5 orc priests
  14 orc wizards
  A centaur skeleton (D:6)
  Terence (D:2)
  2 iguanas
  6 worker ants
  A statue (D:8)
  A hound skeleton (D:6)
  7 gnolls
  A howler monkey skeleton (D:8)
  15 adders
  2 shadow imps
  2 white imps
  5 ufetubi
  3 oozes
  An adder skeleton (D:4)
  An adder zombie (D:5)
  A worm (D:3)
  2 dart slugs
  7 leopard geckos
  42 orcs
  10 bats
  7 giant cockroaches
  9 goblins
  3 hobgoblins
  12 jackals
  5 quokkas
  5 frilled lizards
  16 kobolds
  A leopard gecko zombie (D:3)
  2 quokka zombies
  8 rats
  A bush (D:6)
  A lurking horror (Abyss:2)
312 creatures vanquished.

Vanquished Creatures (others)
  A cane toad (Lair:1)
  4 blink frogs (Lair:1)
  10 yaks (Lair:1)
  A porcupine (Lair:1)
  13 wolves (Lair:1)
  3 crocodiles (Lair:1)
  A bullfrog (Lair:1)
  A bush (Lair:1)
  17 fungi (D:9)
  4 plants (D:9)
55 creatures vanquished.

Grand Total: 367 creatures vanquished

Notes
Turn   | Place    | Note
-------+----------+-------------------------------------------
     0 | Abyss:1  | Gargoyl the Gnoll Abyssal Knight began the quest for the
                  | Orb.
     0 | Abyss:1  | Reached XP level 1. HP: 23/23 MP: 3/3
   179 | Abyss:2  | Noticed a small abomination
   191 | Abyss:2  | Noticed a purple very ugly thing
   191 | Abyss:2  | Noticed a purple very ugly thing
   191 | Abyss:2  | Noticed a purple very ugly thing
   201 | Abyss:2  | Noticed an orange demon
   201 | Abyss:2  | Noticed a chaos spawn
   219 | Abyss:2  | Found a snail-covered altar of Cheibriados.
   233 | D:1      | Escaped the Abyss
   280 | D:1      | Reached XP level 2. HP: 27/29 MP: 5/5
   460 | D:1      | Reached * piety under Lugonu
   828 | D:1      | Reached XP level 3. HP: 34/35 MP: 6/6
  1136 | D:2      | Reached skill level 1 in Short Blades
  1136 | D:2      | Reached skill level 1 in Long Blades
  1136 | D:2      | Reached skill level 1 in Maces & Flails
  1136 | D:2      | Reached skill level 1 in Polearms
  1136 | D:2      | Reached skill level 1 in Staves
  1136 | D:2      | Reached skill level 1 in Slings
  1136 | D:2      | Reached skill level 1 in Bows
  1136 | D:2      | Reached skill level 1 in Crossbows
  1136 | D:2      | Reached skill level 1 in Throwing
  1136 | D:2      | Reached skill level 1 in Stealth
  1136 | D:2      | Reached skill level 1 in Shields
  1136 | D:2      | Reached skill level 1 in Unarmed Combat
  1136 | D:2      | Reached skill level 1 in Spellcasting
  1136 | D:2      | Reached skill level 1 in Evocations
  1147 | D:2      | Reached XP level 4. HP: 20/41 MP: 7/7
  1443 | D:2      | Reached ** piety under Lugonu
  1542 | D:2      | Reached skill level 1 in Conjurations
  1542 | D:2      | Reached skill level 1 in Hexes
  1542 | D:2      | Reached skill level 1 in Summonings
  1542 | D:2      | Reached skill level 1 in Necromancy
  1542 | D:2      | Reached skill level 1 in Translocations
  1542 | D:2      | Reached skill level 1 in Transmutations
  1542 | D:2      | Reached skill level 1 in Fire Magic
  1542 | D:2      | Reached skill level 1 in Ice Magic
  1542 | D:2      | Reached skill level 1 in Air Magic
  1542 | D:2      | Reached skill level 1 in Earth Magic
  1542 | D:2      | Reached skill level 1 in Poison Magic
  2049 | D:3      | Noticed Terence
  2056 | D:2      | Reached XP level 5. HP: 20/47 MP: 8/8
  2248 | D:2      | Killed Terence
  2515 | D:3      | Noticed Phong's ghost (amateur OpEE)
  2522 | D:3      | Found a runed translucent door.
  2645 | D:3      | Reached skill level 5 in Invocations
  2647 | D:3      | Reached XP level 6. HP: 36/53 MP: 9/9
  2871 | D:3      | Killed Phong's ghost
  2871 | D:3      | Reached skill level 5 in Axes
  2871 | D:3      | Reached skill level 5 in Armour
  3099 | D:3      | Reached *** piety under Lugonu
  3160 | D:3      | Found a sacrificial altar of Ru.
  3172 | D:3      | Found a basalt altar of Yredelemnul.
  3172 | D:3      | Found a snail-covered altar of Cheibriados.
  3185 | D:3      | Found a glowing silver altar of Zin.
  3189 | D:3      | Found a hazy altar of Hepliaklqana.
  3803 | D:4      | Reached XP level 7. HP: 52/59 MP: 10/10
  3837 | D:4      | Noticed Edmund
  3857 | D:4      | Killed Edmund
  3857 | D:4      | Reached skill level 7 in Fighting
  4695 | D:4      | Reached XP level 8. HP: 47/67 MP: 12/12
  4931 | D:5      | Entered Level 5 of the Dungeon
  5335 | D:5      | Upgraded the game from 0.26-a0-540-g8a0c9464d7 to
                  | 0.26-a0-542-gbaa144ba5c
  5880 | D:6      | Reached **** piety under Lugonu
  6333 | D:6      | Found Ikiyval's Weapon Shoppe.
  6599 | D:6      | Found a staircase to the Ecumenical Temple.
  6743 | D:6      | Reached XP level 9. HP: 63/73 MP: 14/14
  7240 | D:7      | Found Xidiq's Magic Scroll Emporium.
  7243 | D:7      | Bought a scroll of enchant weapon for 112 gold pieces
  7243 | D:7      | Bought a scroll of holy word for 112 gold pieces
  7702 | D:7      | Reached skill level 5 in Dodging
  8126 | D:7      | Reached skill level 8 in Fighting
  8787 | D:8      | Found a radiant altar of Vehumet.
  9106 | D:9      | Reached ***** piety under Lugonu
  9318 | D:9      | Noticed a troll
  9326 | D:9      | Found a staircase to the Lair.
  9664 | D:9      | Killed a troll
  9664 | D:9      | Reached XP level 10. HP: 45/80 MP: 17/17
 10116 | D:9      | Reached skill level 5 in Short Blades
 10116 | D:9      | Reached skill level 5 in Long Blades
 10116 | D:9      | Reached skill level 5 in Maces & Flails
 10116 | D:9      | Reached skill level 5 in Polearms
 10116 | D:9      | Reached skill level 5 in Staves
 10116 | D:9      | Reached skill level 5 in Slings
 10116 | D:9      | Reached skill level 5 in Bows
 10116 | D:9      | Reached skill level 5 in Crossbows
 10116 | D:9      | Reached skill level 5 in Throwing
 10116 | D:9      | Reached skill level 5 in Stealth
 10116 | D:9      | Reached skill level 5 in Shields
 10116 | D:9      | Reached skill level 5 in Unarmed Combat
 10116 | D:9      | Reached skill level 5 in Spellcasting
 10116 | D:9      | Reached skill level 5 in Evocations
 11241 | D:10     | Entered Level 10 of the Dungeon
 11440 | D:10     | HP: 1/82 [troll (7)]
 11563 | D:10     | Found Jeikhle's Weapon Shop.
 12104 | D:10     | Noticed a gargoyle
 12125 | D:10     | Reached XP level 11. HP: 65/87 MP: 19/19
 12210 | D:10     | Reached skill level 9 in Fighting
 12296 | D:10     | Got a scorched glaive
 12297 | D:10     | Identified the +7 glaive "Eviscerator" {flame, MR- Str+5}
                  | (You found it on level 10 of the Dungeon)
 12439 | D:10     | Reached skill level 5 in Conjurations
 12439 | D:10     | Reached skill level 5 in Hexes
 12439 | D:10     | Reached skill level 5 in Summonings
 12439 | D:10     | Reached skill level 5 in Necromancy
 12439 | D:10     | Reached skill level 5 in Translocations
 12439 | D:10     | Reached skill level 5 in Transmutations
 12439 | D:10     | Reached skill level 5 in Fire Magic
 12439 | D:10     | Reached skill level 5 in Ice Magic
 12439 | D:10     | Reached skill level 5 in Air Magic
 12439 | D:10     | Reached skill level 5 in Earth Magic
 12439 | D:10     | Reached skill level 5 in Poison Magic
 13036 | Lair:1   | Entered Level 1 of the Lair of Beasts
 13392 | Lair:1   | Corrupted Lair:1
 13392 | Lair:1   | Noticed a thrashing horror
 13392 | Lair:1   | Noticed a large abomination
 13392 | Lair:1   | Noticed a lich
 13392 | Lair:1   | Noticed an Executioner
 13393 | Lair:1   | Noticed a white draconian
 13393 | Lair:1   | Noticed a starcursed mass
 13393 | Lair:1   | Noticed a worldbinder
 13393 | Lair:1   | Noticed a thrashing horror
 13394 | Lair:1   | Noticed an ironheart preserver
 13429 | Lair:1   | HP: 2/89 [Executioner[Lugonu's corruption] (4)]
 14055 | Lair:2   | Identified a scroll of acquirement
 14055 | Lair:2   | Acquired 1230 gold pieces
 14187 | Lair:2   | Noticed a four-headed hydra
 14197 | Lair:2   | Slain by a four-headed hydra

Illustrated notes

Levels and vault maps discovered:
D:1:      scummos_arrival_simple_crosswalls, layout_loops_cross
D:2:      layout_loops_ring
D:3:      layout_basic, minmay_overflow_temple_star_hex,
          hellmonk_ghost_happy_afterlife, corexii_shack, uniq_terence
D:4:      layout_rooms, st_stairs_12, uniq_edmund
D:5:      layout_basic
D:6:      layout_basic, temple_green, serial_shops, shop, kennysheep_doodads,
          lexackson_kobold_supper
D:7:      layout_loops_ring, serial_shops, kennysheep_mini_moat
D:8:      layout_loops_cross, vehumet_statue
D:9:      layout_stronghold, due_lair_maze_entry_diamond, serial_column_ruins,
          column_ruins_columns_corner, column_ruins_columns_straight,
          column_ruins_grid_1, column_ruins_columns_corner
D:10:     minmay_clustersquares, layout_basic, serial_shops, shop
Lair:1:   layout_big_grid, chequers_serial_rivers_small_b,
          nicolae_quartered_pool_little, grunt_forest_large_clearings,
          grunt_megastairs_4
Lair:2:   layout_hall_layers

Skill      XL: |  1  2  3  4  5  6  7  8  9 10 11 |
---------------+----------------------------------+-----
Short Blades   | 1 2 3 4 5 6 |  6.5
Long Blades    | 1 2 3 4 5 6 |  6.5
Maces & Flails | 1 2 3 4 5 6 |  6.5
Polearms       | 1 2 3 4 5 6 |  6.5
Staves         | 1 2 3 4 5 6 |  6.5
Slings         | 1 2 3 4 5 6 |  6.5
Bows           | 1 2 3 4 5 6 |  6.5
Crossbows      | 1 2 3 4 5 6 |  6.5
Throwing       | 1 2 3 4 5 6 |  6.5
Stealth        | 1 2 3 4 5 6 |  6.5
Shields        | 1 2 3 4 5 6 |  6.5
Unarmed Combat | 1 2 3 4 5 6 |  6.5
Spellcasting   | 1 2 3 4 5 6 |  6.5
Evocations     | 1 2 3 4 5 6 |  6.5
Conjurations   | 1 2 3 4 5 |  5.4
Hexes          | 1 2 3 4 5 |  5.4
Summonings     | 1 2 3 4 5 |  5.4
Necromancy     | 1 2 3 4 5 |  5.4
Translocations | 1 2 3 4 5 |  5.4
Transmutations | 1 2 3 4 5 |  5.4
Fire Magic     | 1 2 3 4 5 |  5.4
Ice Magic      | 1 2 3 4 5 |  5.4
Air Magic      | 1 2 3 4 5 |  5.4
Earth Magic    | 1 2 3 4 5 |  5.4
Poison Magic   | 1 2 3 4 5 |  5.4
Dodging        | 3 4 5 6 7 |  7.1
Invocations    | 5 6 7 8 |  8.6
Axes           | 5 6 7 8 |  8.1
Armour         | 5 6 7 8 |  8.1
Fighting       | 7 8 9 |  9.3

Action                   |  1- 3 |  4- 6 |  7- 9 | 10-12 || total
-------------------------+-------+-------+-------+-------++-------
Melee: Hand axe          |    80 |    81 |       |       ||   161
       Bite              |     5 |    15 |    59 |    58 ||   137
       Flail             |       |    81 |   432 |   176 ||   689
       War axe           |       |       |     5 |   262 ||   267
Invok: Depart the Abyss  |     1 |       |       |       ||     1
       Bend Space        |       |       |       |     2 ||     2
       Corrupt           |       |       |       |     1 ||     1
  Use: Scroll            |     7 |     5 |     8 |     7 ||    27
       Potion            |     1 |     1 |     1 |     3 ||     6
 Stab: Sleeping          |       |       |       |     3 ||     3
Armor: Skin              |    16 |       |       |       ||    16
       Scale mail        |    33 |    91 |   154 |    38 ||   316
       Ring mail         |    10 |       |       |    97 ||   107
       Leather armour    |     2 |       |       |       ||     2
Dodge: Dodged            |    44 |   112 |   293 |   358 ||   807
Block: Buckler           |       |    11 |   160 |   218 ||   389

Table legend: (Time is in decaauts)
 A = Elapsed time spent in this place.
 B = Non-inter-level travel time spent in this place.
 C = Inter-level travel time spent in this place.
 D = Time resting spent in this place.
 E = Time spent auto-exploring this place.
 F = Levels seen in this place.
 G = Mean time per level.
                   A        B        C        D        E       F      G
               +--------+--------+--------+--------+--------+-----+--------+
         Total |  14397 |  13987 |    410 |   3897 |   6961 |  14 | 1028.4 |
       Dungeon |  12988 |  12600 |    388 |   3514 |   6395 |  10 | 1298.8 |
          Lair |   1175 |   1154 |     21 |    341 |    473 |   2 |  587.5 |
         Abyss |    233 |    233 |      0 |     42 |     93 |   2 |  116.5 |
               +--------+--------+--------+--------+--------+-----+--------+

Top non-repeatable levels by time:
     D:9: 1941 daAuts
    D:10: 1805 daAuts
     D:6: 1617 daAuts
     D:2: 1570 daAuts
     D:3: 1473 daAuts
     D:7: 1085 daAuts
     D:8: 1052 daAuts
  Lair:1: 1021 daAuts
     D:4: 924 daAuts
     D:1: 792 daAuts
     D:5: 725 daAuts
 Abyss:2: 194 daAuts
  Lair:2: 154 daAuts
 Abyss:1: 39 daAuts
